 Dungeon Sprint DCSS version 0.23-a0-643-g9ccc95a (webtiles) character file.

1643 Cecillian the Blocker (level 8, -3/60 HPs)
             Began as a Gargoyle Fighter on Dec 31, 2018.
             Was a Follower of Makhleb.
             Slain by a polar bear (13 damage)
             ... in the Dungeon (Sprint II: "The Violet Keep of Menkaure").
             The game lasted 00:03:29 (872 turns).

Cecillian the Blocker (Gargoyle Fighter)             Turns: 872, Time: 00:03:30

Health: -3/60      AC: 14    Str: 22    XL:     8   Next: 99%
Magic:  8/8        EV: 10    Int:  7    God:    Makhleb [*.....]
Gold:   561        SH: 12    Dex:  9    Spells: 7/7 levels left

rFire    . . .     SeeInvis .   a - +0 flail
rCold    . . .     Gourm    .   c - +0 shield
rNeg     + . .     Faith    .   b - +0 scale mail
rPois    ∞         Spirit   .   (no helmet)
rElec    +         Reflect  .   (no cloak)
rCorr    .         Harm     .   (no gloves)
MR       .....     Rnd*Rage +   (no boots) Stlth ..........NoTele +
                                (no amulet)
HPRegen  0.20/turn              (no ring)
MPRegen  0.11/turn              (no ring)

@: berserk cooldown, slowed, very slow
A: berserk 1, dopey 1, negative energy resistance 1, electricity resistance,
unbreathing, petrification resistance, rot immunity, AC +5
a: Renounce Religion


You were in the Dungeon.
You worshipped Makhleb.
Makhleb was aware of your devotion.
You were not hungry.

You visited 1 branch You collected 729 gold pieces.
You spent 168 gold pieces at shops.

Inventory:

Hand Weapons
 a - a +0 flail (weapon)
Armour
 b - a +0 scale mail (worn)
 c - a +0 shield (worn)
Scrolls
 k - a scroll of blinking
Potions
 e - a potion of curing
 i - 2 potions of magic
Comestibles
 d - 2 chunks of flesh
 f - 2 rations


   Skills:
 + Level 11.2 Fighting
 + Level 9.3 Maces & Flails
 + Level 10.6 Armour
 + Level 2.5 Dodging
 + Level 11.5 Shields


You had 7 spell levels left.
You didn't know any spells.
Your spell library was empty.

Dungeon Overview and Level Annotations

Branches:
Dungeon (1/1)

Altars:
Cheibriados
Dithmenos
Elyvilon
Fedhas
Gozag
Hepliaklqana
Kikubaaqudgha
Makhleb
Nemelex Xobeh
Okawaru
Qazlal
Ru
Sif Muna
Trog
Uskayaw
Vehumet
Wu Jian
Xom
Yredelemnul
Zin
The Shining One
Beogh
Jiyva
Lugonu

Shops:
D =:?:%[!==[?!(}==

Annotations:
D exclusion: oklob plant


Innate Abilities, Weirdness & Mutations

You are resistant to torment.
Your stone body is resilient. (AC +5)
You are immune to poison.
You resist negative energy. (rN+)
You are resistant to electric shocks. (rElec)
You can survive without breathing.
You are immune to petrification.
You are immune to rotting.
You tend to lose your temper in combat.
You are dopey. (Int -2)


Message History

You sock the polar bear!
The polar bear is moderately wounded.
You sock the polar bear!
The polar bear is heavily wounded.
The polar bear bites you.
* * * LOW HITPOINT WARNING * * *
You block the polar bear's attack. The polar bear completely misses you.
You sock the polar bear!
The polar bear is severely wounded.
You are no longer berserk.
You are exhausted.
You feel yourself slow down.
The polar bear goes berserk!
You hit the polar bear but do no damage.
The polar bear is severely wounded.
The polar bear bites you!
* * * LOW HITPOINT WARNING * * *
You block the polar bear's attack.
The polar bear claws you but does no damage.
The polar bear bites you!
You die...

∩.∩.....#≈≈≈≈.# ..
.∩.∩....#≈≈≈≈## ##.#### +^###
..∩.∩...#≈≈≈≈#.###.# ...# ^..#
...∩.∩..#≈≈# #.#.####..## #..#
....∩.⌠.#≈##. ##'###.##..# +..#
...∩.∩..#≈#.w.##.##..##c.# #.^#
..∩.∩...'≈+ #+.h.†.##h.h####..##
.∩.∩....#≈#..w##h##.#.#...h###.^.
▓▓▓▓▓▓###≈##. #@###h##..h.c.≈≈≈≈
!Dh######≈≈#####.(####≈≈.....≈#(#
??h#Y ##≈≈≈#.##..#≈≈≈≈≈≈≈..≈#_.
∩P(+Y. #'#≈##.#.##≈§§≈≈≈≈≈.≈#._
$$(#(# #.#≈≈##'##≈≈≈≈≈≈≈≈≈≈≈#_.
?.)###§ ####≈≈≈≈≈≈≈≈§§≈≈≈≈≈≈≈#._
#+++#+++#≈≈≈≈≈≈≈≈≈#_. °≈≈≈○
##≈≈≈###≈≈#._ °≈≈°≈≈°°○ #§§#
#§≈#..


You could see 2 polar bears.

Vanquished Creatures
  A yaktaur (D)
  A polar bear (D)
  A hornet (D)
  2 hippogriffs (D)
  4 neqoxecs (D)
  Menkaure (D)
  3 worms (D)
13 creatures vanquished.

Vanquished Creatures (others)
  A crocodile (D)
  A hell rat (D)
2 creatures vanquished.

Grand Total: 15 creatures vanquished

Notes
Turn   | Place    | Note
-------+----------+-------------------------------------------
     0 | D        | Cecillian the Gargoyle Fighter began the quest for the Orb.
     0 | D        | Reached XP level 1. HP: 14/14 MP: 1/1
     1 | D        | Noticed a tyrant leech
     1 | D        | Noticed a tyrant leech
     5 | D        | Noticed a neqoxec
     5 | D        | Noticed a neqoxec
     5 | D        | Noticed a neqoxec
     5 | D        | Noticed a neqoxec
     6 | D        | Noticed a quasit
    12 | D        | Killed a neqoxec
    12 | D        | Reached XP level 2. HP: 13/23 MP: 2/2
    12 | D        | Reached XP level 3. HP: 16/28 MP: 3/3
    12 | D        | Reached XP level 4. HP: 19/32 MP: 4/4
    12 | D        | Reached XP level 5. HP: 22/37 MP: 5/5
    21 | D        | Killed a neqoxec
    21 | D        | Reached XP level 6. HP: 15/44 MP: 6/6
    22 | D        | Gained mutation: You are dopey. (Int -2) [a neqoxec]
    25 | D        | Killed a neqoxec
    25 | D        | Reached skill level 5 in Maces & Flails
    38 | D        | Gained mutation: You tend to lose your temper in combat. [a
                  | neqoxec]
    39 | D        | Killed a neqoxec
    39 | D        | Reached XP level 7. HP: 20/52 MP: 7/7
   230 | D        | Noticed an ice statue
   254 | D        | Noticed a hippogriff
   254 | D        | Noticed a hippogriff
   274 | D        | Found Usopp's Jewellery Shop.
   275 | D        | Found Aloel's Gadget Shop.
   275 | D        | Found Tomyopn's Antique Weapon Boutique.
   275 | D        | Found Qounkor's Jewellery Boutique.
   276 | D        | Found Cowes's Antique Armour Boutique.
   276 | D        | Found Tullef's Jewellery Shop.
   503 | D        | Found Lyteg's Magic Scroll Shop.
   503 | D        | Found Waidgh's Distillery.
   503 | D        | Found Uboskep's Distillery.
   503 | D        | Found Ziavi Lyku's Antique Armour Boutique.
   504 | D        | Found Acriupse's Jewellery Boutique.
   506 | D        | Found Oleffoqo's Food Shop.
   507 | D        | Found Lucs's Book Boutique.
   507 | D        | Found Yjeidyl's Magic Scroll Shop.
   507 | D        | Noticed Menkaure
   507 | D        | Noticed a hell hog
   507 | D        | Noticed a hell hog
   507 | D        | Noticed an oklob plant
   508 | D        | Found Buir's Book Shoppe.
   508 | D        | Found Ifatan's Jewellery Boutique.
   509 | D        | Noticed an ice dragon
   523 | D        | Killed Menkaure
   523 | D        | Reached skill level 10 in Fighting
   609 | D        | Noticed a yak
   609 | D        | Noticed a yak
   610 | D        | Noticed a yak
   611 | D        | Bought a potion of heal wounds for 60 gold pieces
   611 | D        | Bought a potion of heal wounds for 60 gold pieces
   611 | D        | Bought a potion of agility for 48 gold pieces
   655 | D        | Killed a hippogriff
   655 | D        | Reached skill level 1 in Dodging
   655 | D        | Reached skill level 10 in Shields
   665 | D        | Killed a hippogriff
   665 | D        | Reached XP level 8. HP: 38/58 MP: 8/8
   788 | D        | Found an iron altar of Okawaru.
   788 | D        | Found a radiant altar of Vehumet.
   788 | D        | Found a glowing silver altar of Zin.
   795 | D        | Found a sparkling altar of Nemelex Xobeh.
   795 | D        | Found a hide-covered altar of Uskayaw.
   795 | D        | Found a basalt altar of Yredelemnul.
   796 | D        | Found an opulent altar of Gozag.
   796 | D        | Found a burning altar of Makhleb.
   796 | D        | Found a bloodstained altar of Trog.
   797 | D        | Found a blossoming altar of Fedhas.
   797 | D        | Found a corrupted altar of Lugonu.
   797 | D        | Found a deep blue altar of Sif Muna.
   798 | D        | Found a white marble altar of Elyvilon.
   798 | D        | Found an ancient bone altar of Kikubaaqudgha.
   799 | D        | Found a shadowy altar of Dithmenos.
   799 | D        | Found a viscous altar of Jiyva.
   800 | D        | Found a snail-covered altar of Cheibriados.
   801 | D        | Noticed a polar bear
   802 | D        | Found a roughly hewn altar of Beogh.
   802 | D        | Noticed a polar bear
   802 | D        | Noticed a polar bear
   803 | D        | Found a shimmering altar of Xom.
   803 | D        | Found a sacrificial altar of Ru.
   803 | D        | Found a hazy altar of Hepliaklqana.
   803 | D        | Noticed a hornet
   803 | D        | Noticed a yaktaur
   804 | D        | Found a glowing golden altar of the Shining One.
   804 | D        | Found an ornate altar of the Wu Jian Council.
   804 | D        | Found a stormy altar of Qazlal.
   808 | D        | Became a worshipper of Makhleb the Destroyer
   849 | D        | HP: 2/58 [hornet (7)]
   852 | D        | Killed a hornet
   852 | D        | Reached skill level 10 in Armour
   864 | D        | Killed a polar bear
   868 | D        | Killed a yaktaur
   868 | D        | Reached * piety under Makhleb
   872 | D        | Slain by a polar bear

Vault maps used:
D:        the_violet_keep_of_menkaure

Skill      XL: |  1  2  3  4  5  6  7  8 |
---------------+-------------------------+-----
Fighting       | 6 8 9 10 11 | 11.2
Maces & Flails | 3 4 5 8 9 |  9.3
Armour         | 6 7 9 10 | 10.6
Shields        | 6 8 9 10 11 | 11.5
Dodging        | 1 2 |  2.5

Action                   |  1- 3 |  4- 6 |  7- 9 || total
-------------------------+-------+-------+-------++-------
Melee: Flail             |     5 |    27 |    71 ||   103
  Use: Potion            |     2 |       |     5 ||     7
Armor: Scale mail        |     1 |    13 |    36 ||    50
Dodge: Dodged            |     1 |     4 |    37 ||    42
Block: Shield            |     2 |    12 |    61 ||    75

Table legend:
 A = Non-vault XP
 B = Vault XP
 C = Vault XP percentage of total XP
 D = Non-vault monster count
 E = Vault monster count
 F = Vault count percentage of total count
                 A         B        C        D         E       F
            +---------+---------+-------+---------+---------+-------
      Total |       0 |    2348 | 100.0 |       0 |      13 | 100.0
            +---------+---------+-------+---------+---------+-------
          D |       0 |    2348 | 100.0 |       0 |      13 | 100.0
            +---------+---------+-------+---------+---------+-------
